Map: [ESL] Hecate

Players

MacSed

  • Race: Protoss Protoss
  • Spawn Location: 7:00

Coffee - Winner!

  • Race: Terran Terran
  • Spawn Location: 1:00

Event: ESL SC2 Masters 2023 Winter (Regional)

VOD

Have the link to the VOD?

Description

Time

  • Played on: Nov. 3, 2023, 8:19 a.m.
  • Length: 12:25

All games in this series

Show
View Real Time Build Order
Export as new Build Order

MacSed Protoss 

Build Orders: 1 Gate Expand, Phoenix Opening, Colossus Rush 

Get SALT Encoding   

  12  0:00  Probe  
  13  0:12  Probe  
  14  0:18  Pylon  
  14  0:24  Probe  
  15  0:37  Probe (Chrono Boost)  
  15  0:39  Gateway  
  16  0:45  Probe (Chrono Boost)  
  16  0:46  Assimilator  
  17  0:51  Probe  
  18  1:03  Probe  
  19  1:15  Probe  
  20  1:26  Cybernetics Core  
  22  1:34  Nexus  
  22  1:39  Pylon  
  20  1:43  Probe  
  21  1:51  Assimilator  
  21  1:55  Probe  
  21  2:00  Adept (Chrono Boost)  
  22  2:04  Warp Gate  
  22  2:07  Probe  
  25  2:19  Probe  
  25  2:22  Adept (Chrono Boost)  
  28  2:31  Probe  
  28  2:35  Stargate  
  30  2:44  Adept (Chrono Boost)  
  30  2:47  Probe x2 (Chrono Boost)  
  33  2:56  Probe (Chrono Boost)  
  35  2:58  Probe (Chrono Boost)  
  35  3:01  Probe (Chrono Boost)  
  36  3:07  Probe  
  37  3:13  Probe  
  37  3:19  Probe, Phoenix  
  41  3:21  Robotics Facility  
  41  3:26  Probe  
  42  3:30  Gateway  
  42  3:31  Probe  
  42  3:32  Pylon  
  43  3:38  Probe  
  44  3:44  Probe  
  44  3:45  Pylon  
  45  3:50  Phoenix (Chrono Boost), Assimilator, Probe  
  45  3:52  Assimilator  
  48  3:56  Probe  
  48  4:02  Probe  
  50  4:06  Phoenix (Chrono Boost)  
  50  4:08  Observer (Chrono Boost), Probe  
  54  4:14  Zealot, Probe  
  57  4:20  Probe  
  57  4:22  Immortal (Chrono Boost), Pylon  
  62  4:26  Pylon  
  62  4:39  Robotics Bay  
  62  4:40  Probe  
  62  4:43  Phoenix  
  65  4:46  Zealot x2  
  65  4:51  Pylon  
  65  4:52  Probe  
  70  4:57  Pylon  
  70  5:00  Immortal (Chrono Boost)  
  72  5:12  Stalker x2  
  74  5:25  Probe  
  73  5:29  Phoenix  
  73  5:34  Nexus  
  75  5:37  Probe  
  75  5:40  Colossus (Chrono Boost)  
  76  5:43  Pylon  
  76  5:49  Extended Thermal Lance  
  82  5:51  Probe  
  82  5:52  Probe  
  84  6:00  Phoenix  
  84  6:04  Forge, Probe x2  
  88  6:15  Gateway x2  
  88  6:16  Probe  
  89  6:23  Twilight Council  
  89  6:26  Colossus (Chrono Boost)  
  95  6:34  Phoenix  
  97  6:40  Probe  
  97  6:42  Shield Battery  
  98  6:52  Zealot x2  
  100  6:59  Protoss Ground Weapons Level 1  
  92  7:08  Phoenix  
  92  7:11  Pylon  
  94  7:17  Stalker x2  
  94  7:19  Probe x2  
  93  7:24  Probe  
  90  7:31  Probe x2  
  90  7:34  Pylon  
  90  7:36  Probe  
  85  7:40  Colossus (Chrono Boost)  
  85  7:41  Stalker x2  
  85  7:43  Probe x2  
  81  7:46  Pylon  
  81  7:48  Probe  
  88  7:55  Probe x2  
  90  8:00  Probe  
  90  8:05  Zealot x2, Photon Cannon  
  91  8:07  Probe x2  
  91  8:08  Pylon  
  91  8:09  Charge  
  91  8:11  Phoenix (Chrono Boost)  
  99  8:13  Probe  
  99  8:19  Probe  
  101  8:21  Gateway x2  
  101  8:25  Pylon  
  101  8:27  Colossus (Chrono Boost)  
  107  8:37  Pylon, Probe x3  
  107  8:38  Assimilator  
  107  8:40  Phoenix  
  112  8:41  Assimilator  
  108  8:55  Probe  
  108  9:02  Gateway  
  108  9:03  Gateway  
  108  9:04  Probe  
  108  9:05  Photon Cannon  
  108  9:08  Phoenix  
  111  9:12  Observer (Chrono Boost)  
  112  9:20  Zealot x6  
  122  9:28  Probe  
  123  9:33  Phoenix  
  123  9:35  Protoss Ground Weapons Level 2 (Chrono Boost)  
  125  9:38  Probe  
  125  9:40  Photon Cannon  
  125  9:41  Pylon  
  125  9:44  Probe x2, Pylon  
  128  9:50  Probe  
  129  9:52  Robotics Facility  
  129  9:54  Pylon  
  129  9:56  Probe  
  129  9:58  Observer (Chrono Boost)  
  128  10:06  Phoenix (Chrono Boost)  
  128  10:09  Zealot x4  
  138  10:14  Immortal  
  142  10:28  Phoenix  
  144  10:31  Observer  
  144  10:35  Pylon  
  144  10:37  Pylon  
  144  10:38  Pylon  
  144  10:39  Pylon  
  144  10:45  Photon Cannon, Shield Battery, Immortal  
  148  10:59  Immortal  
  148  11:00  Phoenix  
  154  11:05  Forge  
  154  11:14  Pylon  
  154  11:25  Phoenix  
  156  11:30  Immortal  
  157  11:36  Photon Cannon  
  157  11:38  Zealot  
  157  11:39  Zealot x2, Stalker x2  
  167  11:43  Immortal  
  167  11:45  Probe  
  172  11:50  Phoenix  
  166  11:59  Zealot x4  
  131  12:11  Stalker x4  
Show
View Real Time Build Order
Export as new Build Order

Coffee Terran - Winner!

Build Orders: Reaper Expand 

Get SALT Encoding   

  12  0:00  SCV  
  13  0:12  SCV  
  14  0:17  Supply Depot  
  14  0:24  SCV  
  15  0:39  SCV  
  15  0:40  Barracks  
  16  0:43  Refinery  
  16  0:51  SCV  
  17  1:03  SCV  
  18  1:15  SCV  
  19  1:27  Orbital Command, Reaper  
  20  1:43  Command Center  
  20  1:51  Supply Depot  
  20  1:54  SCV  
  20  1:58  Marine  
  22  2:06  SCV  
  23  2:09  Factory  
  23  2:17  Bunker  
  23  2:18  SCV  
  23  2:20  Barracks Reactor  
  24  2:28  Refinery  
  24  2:30  SCV  
  25  2:42  SCV  
  26  2:53  Hellion  
  26  2:55  Orbital Command, SCV  
  26  2:56  Starport  
  29  3:02  Marine x2  
  31  3:07  SCV  
  32  3:17  Factory Tech Lab  
  32  3:20  Cyclone  
  32  3:21  SCV x2  
  32  3:23  Marine x2  
  37  3:30  Supply Depot  
  37  3:33  SCV x2  
  39  3:34  Viking  
  41  3:43  Marine x2  
  41  3:45  SCV  
  41  3:46  SCV  
  45  3:52  Cyclone  
  45  3:53  Supply Depot  
  47  3:57  SCV  
  47  3:58  SCV  
  47  4:01  Marine x2  
  51  4:04  Viking  
  53  4:10  SCV  
  53  4:13  Barracks  
  53  4:15  SCV  
  53  4:16  Supply Depot  
  55  4:19  Barracks  
  55  4:23  SCV  
  56  4:27  Factory Tech Lab, SCV  
  57  4:31  Engineering Bay  
  57  4:32  Refinery  
  57  4:35  Starport Tech Lab  
  57  4:38  SCV  
  58  4:39  SCV  
  58  4:41  Marine x2  
  59  4:50  SCV  
  59  4:51  SCV  
  61  4:54  Supply Depot  
  61  4:58  Terran Infantry Weapons Level 1  
  61  5:02  Starport Reactor, SCV, Marine x2  
  61  5:03  SCV  
  64  5:11  Factory Reactor  
  64  5:12  Stimpack, Marine  
  62  5:14  SCV  
  62  5:15  SCV  
  62  5:19  Marine  
  62  5:20  Marine x2  
  66  5:25  Combat Shield  
  66  5:26  SCV  
  66  5:28  Supply Depot, SCV  
  64  5:30  Marine  
  64  5:37  Marine x2  
  64  5:38  SCV  
  64  5:42  Medivac x2  
  71  5:43  SCV  
  72  5:50  Supply Depot  
  72  5:51  Widow Mine x2, Refinery  
  72  5:56  Marauder x2  
  81  5:58  Marine x2  
  81  6:01  Supply Depot  
  82  6:04  Supply Depot  
  82  6:18  Marauder x2, Marine x2  
  88  6:25  Command Center  
  87  6:36  Marine x2  
  87  6:38  Medivac x2  
  87  6:39  Marauder x2, Widow Mine x2  
  100  6:41  Supply Depot  
  100  6:43  Barracks x2  
  100  6:52  Terran Infantry Armor Level 1  
  100  6:59  Marine x2  
  100  7:01  SCV x2  
  98  7:09  Medivac x2  
  98  7:10  Supply Depot  
  98  7:11  Widow Mine x2, Marauder x2  
  98  7:13  SCV x2  
  107  7:24  Marine x2  
  107  7:25  SCV x2  
  104  7:30  Barracks Reactor, Barracks Tech Lab  
  104  7:32  Marauder x2  
  104  7:33  Widow Mine x2  
  103  7:37  SCV  
  103  7:40  SCV  
  102  7:49  SCV  
  102  7:51  Armory, Engineering Bay  
  102  7:53  SCV  
  102  7:56  Marauder x3, Marine x2  
  102  7:57  Widow Mine  
  113  8:08  Marine x2  
  115  8:13  Marine  
  115  8:14  Marine  
  115  8:15  Orbital Command, SCV x2  
  115  8:17  Marauder x3  
  125  8:26  Supply Depot  
  125  8:27  SCV  
  125  8:28  Supply Depot  
  125  8:29  Marine x2, Widow Mine x2  
  125  8:32  Ghost Academy  
  132  8:35  SCV  
  132  8:39  SCV  
  134  8:47  Marauder x2  
  138  8:50  Marauder  
  138  8:54  Marine x4  
  138  8:55  Widow Mine x2  
  146  8:57  SCV  
  146  8:58  SCV  
  146  8:59  Terran Infantry Weapons Level 2  
  146  9:01  Terran Infantry Armor Level 2, Command Center  
  146  9:05  Refinery x2  
  146  9:15  Marauder x3  
  146  9:17  Marine x2  
  148  9:35  Marine  
  148  9:36  Ghost x3, Marine x2  
  153  9:43  Barracks, Supply Depot  
  153  9:44  Barracks, Supply Depot  
  153  9:46  Barracks  
  153  9:50  SCV x2  
  151  9:54  Marine x4  
  155  10:01  Viking, Starport  
  155  10:04  Viking, SCV x3  
  162  10:20  Ghost x3, Marine x4  
  172  10:26  SCV x2  
  172  10:30  SCV  
  170  10:36  Supply Depot  
  170  10:37  Viking x2, Supply Depot  
  170  10:38  SCV  
  175  10:47  Viking x2  
  175  10:48  Barracks Reactor, Barracks Tech Lab  
  177  10:56  Barracks Tech Lab  
  175  11:00  Ghost x3  
  181  11:05  Marine x4  
  181  11:07  Planetary Fortress  
  181  11:10  Missile Turret  
  181  11:11  Sensor Tower  
  185  11:16  Missile Turret  
  185  11:17  Sensor Tower  
  184  11:27  Ghost x2  
  184  11:28  Marine x3  
  191  11:39  Viking x2  
  195  11:44  Refinery  
  195  11:45  Command Center, Refinery  
  183  11:54  Marine x2  
  183  11:55  Marauder  
  177  12:04  Marine  
  177  12:05  Marine x2  
Tags
 
Add a new tag
Caveats
  • Supply blocks, unpowered buildings, or Contaminate may cause inaccurate times.
  • Supply counts are checked every 10 seconds.